 Dungeon Crawl Stone Soup version 0.28-a0-628-g3c9886e45e (webtiles) character file.

Game seed: 1554890816989141908

49 lawman0 the Cudgeller (level 3, -1/31 HPs)
             Began as a Palentonga Monk on Oct 8, 2021.
             Killed from afar by Sigmund (7 damage)
             ... with a puff of flame
             ... on level 2 of the Dungeon.
             The game lasted 00:01:08 (1222 turns).

lawman0 the Cudgeller (Palentonga Monk)             Turns: 1222, Time: 00:01:08

Health: -1/31      AC:  4    Str: 15    XL:     3   Next: 53%
Magic:  3/3        EV:  9    Int: 10    God:
Gold:   67         SH:  5    Dex: 12    Spells: 2/2 levels left

rFire   . . .      SeeInvis +   a - +0 mace
rCold   . . .      Faith    .   e - +2 buckler
rNeg    . . .      Spirit   .   b - +0 robe
rPois   .          Reflect  .   (no helmet)
rElec   .          Harm     .   (no cloak)
rCorr   .          Rampage  .   (no gloves)
Will    .....                   (no barding)
Stlth   ++........              (no amulet)
HPRegen 0.10/turn               (no ring)
MPRegen 0.08/turn               (no ring)

@: no status effects
A: large, rugged brown scales 3, see invisible, deformed body, roll 1, armoured
tail
a: Rolling Charge


You were on level 2 of the Dungeon.
You visited 1 branch of the dungeon, and saw 2 of its levels.

You collected 67 gold pieces.

Inventory:

Hand Weapons
 a - a +0 mace (weapon)
Armour
 b - a +0 robe (worn)
 e - a +2 buckler (worn)
Scrolls
 c - 2 scrolls of silence {unknown}
Potions
 d - a potion of lignification {unknown}
 f - 3 potions of attraction {unknown}
 g - a potion of berserk rage {unknown}


   Skills:
 + Level 3.2 Fighting
 * Level 4.1 Maces & Flails
 + Level 2.6 Dodging
 + Level 1.3 Stealth


You had 2 spell levels left.
You didn't know any spells.
Your spell library was empty.

Dungeon Overview and Level Annotations

Branches:
Dungeon (2/15)

Altars:

Annotations:
D:2 Sigmund


Innate Abilities, Weirdness & Mutations

You are completely covered in rugged brown scales. (AC +3, +7% HP)
You have supernaturally acute eyesight. (SInv)
Armour fits poorly on your strangely shaped body.
You can roll at nearby foes to attack.
You have a long armoured tail.


Message History

You hit Sigmund but do no damage.
Sigmund is moderately wounded.
You barely miss Sigmund.
Sigmund is moderately wounded.
Sigmund casts a spell at you. The puff of flame hits you!
Sigmund barely misses you.
You barely miss Sigmund.
Sigmund is moderately wounded.
You hit Sigmund.
Sigmund is moderately wounded.
Sigmund gestures at you while chanting. The magic dart hits you!
Sigmund hits you but does no damage.
You hit Sigmund.
Sigmund is moderately wounded.
You hit Sigmund.
Sigmund is heavily wounded.
Sigmund barely misses you.
You hit Sigmund.
Your tail-slap misses Sigmund.
Sigmund is severely wounded.
Sigmund casts a spell at you. The puff of flame hits you!
You barely miss Sigmund.
Sigmund is severely wounded.
Sigmund closely misses you.
You are too injured to fight recklessly!
You hit Sigmund.
Your tail-slap misses Sigmund.
Sigmund is severely wounded.
Sigmund completely misses you.
You are too injured to fight recklessly!
You hit Sigmund.
Sigmund is almost dead.
Sigmund hits you with a +0 scythe.
* * * LOW HITPOINT WARNING * * *
You are too injured to fight recklessly!
You hit Sigmund but do no damage.
Sigmund is almost dead.
Sigmund says, "You will soon forget everything."
Sigmund points at you and mumbles some strange words.
The puff of flame hits you!
You die...

#.........# #.....#
#.........# #.....#
#$........### #<....##
#..........####.......
#........#............
#........######.......
#........# #.....#.
#####.#### #.....##
#@.# ######## #.@.# #
#.#.# #. #.#.# #.
#.#.# ...... #<# .
...#. #.# . ..... #.#
.... #..


You could see Sigmund.

Vanquished Creatures
  An adder (D:2)
  A worm (D:2)
  2 dart slugs (D:2)
  2 bats (D:1)
  4 endoplasms
  A giant cockroach (D:2)
  A goblin (D:2)
  5 hobgoblins
  3 jackals (D:1)
  4 kobolds
  2 quokkas
  2 ball pythons (D:2)
  A frilled lizard (D:1)
  A rat (D:1)
30 creatures vanquished.

Notes
Turn   | Place    | Note
-------+----------+-------------------------------------------
     0 | D:1      | lawman0 the Palentonga Monk began the quest for the Orb.
     0 | D:1      | Reached XP level 1. HP: 19/19 MP: 1/1
   130 | D:1      | Reached XP level 2. HP: 22/25 MP: 2/2
   789 | D:2      | Reached XP level 3. HP: 28/31 MP: 3/3
   872 | D:2      | Reached skill level 4 in Maces & Flails
  1207 | D:2      | Noticed Sigmund
  1222 | D:2      | Killed from afar by Sigmund

Illustrated notes

Levels and vault maps discovered:
D:1:      minmay_arrival_three_doors, layout_basic
D:2:      layout_rooms, ebering_ecumenical_altar_hall, uniq_sigmund

Skill      XL: |  1  2  3 |
---------------+----------+-----
Maces & Flails | 4 |  4.1
Fighting       | |  3.2
Dodging        | |  2.6
Stealth        | |  1.3

Action                   || total
-------------------------++-------
Melee: Mace              ||    86
       Tailslap          ||     9
 Abil: Rolling Charge    ||     7
 Stab: Sleeping          ||     2
Armor: Robe              ||    26
Dodge: Dodged            ||    37
Block: Buckler           ||     9

Table legend: (Time is in decaauts)
 A = Elapsed time spent in this place.
 B = Non-inter-level travel time spent in this place.
 C = Inter-level travel time spent in this place.
 D = Time resting spent in this place.
 E = Time spent auto-exploring this place.
 F = Levels seen in this place.
 G = Mean time per level.
                   A        B        C        D        E       F      G
               +--------+--------+--------+--------+--------+-----+--------+
         Total |   1244 |   1224 |     20 |    176 |    813 |   2 |  622.0 |
       Dungeon |   1244 |   1224 |     20 |    176 |    813 |   2 |  622.0 |
               +--------+--------+--------+--------+--------+-----+--------+

Top non-repeatable levels by time:
     D:1: 743 daAuts
     D:2: 501 daAuts
